 Dungeon Crawl Stone Soup version 0.16-a0-465-g631e55c (webtiles) character file.

70788 Ratboiler the Unseen (level 15, -1/163 HPs)
             Began as an Octopode Assassin on Sept 16, 2014.
             Was the Champion of Dithmenos.
             Slain by a tarantella (5 damage)
             ... summoned by a deep elf summoner
             ... on Level 1 of the Elven Halls on Sept 17, 2014.
             The game lasted 02:55:00 (42006 turns).

Ratboiler the Unseen (Octopode Assassin)           Turns: 42006, Time: 02:55:00

HP  -1/163       AC 27     Str 17      XL: 15   Next: 34%
MP  15/15        EV  2     Int 14      God: Dithmenos [******]
Gold 1228        SH  0     Dex 18      Spells:  1 memorised,  8 levels left

rFire  + + .     SeeInvis .     a - +1 dagger of Hard Scrabble {freeze, rC++}
rCold  + + .     Clarity  .     I - +2 buckler
rNeg   + + +     rCorr    +     (helmet restricted)
rPois  +         rRot     .     J - amulet of resist mutation
rElec  +         Spirit   .     c - +4 ring of evasion
SustAb .         Warding  .     s - ring of fire
rMut   +         NoTele   +     H - melded ring "Rograihu" {+Blink rElec rN+ Str-1 Dex+3}
Gourm  .                        o - melded ring of protection from magic
MR     +....                    h - melded ring of protection from magic
                                P - melded ring of poison resistance
                                F - melded ring of the Villain {Dex+2 Int+3 SInv}
                                X - melded ring of stealth

@: confused, mighty, tree-form, resistant, very slightly contaminated, hasted,
wreathed by umbra, very quick, somewhat resistant to hostile enchantments,
extraordinarily stealthy
A: almost no armour, amphibious, (8 rings), (constrict 8), (tentacle spike 0),
(camouflage 0), (gelatinous body 0)
a: Shadow Step, Shadow Form, Renounce Religion


You were on level 1 of the Elven Halls.
You worshipped Dithmenos.
Dithmenos was exalted by your worship.
You were hungry.
You were an animated tree.
You visited 5 branches of the dungeon, and saw 26 of its levels.
You also visited: Volcano.

You collected 2615 gold pieces.
You spent 1387 gold pieces at shops.

Inventory:

Hand weapons
 a - the +1 dagger of Hard Scrabble (weapon) {freeze, rC++}
   (You bought it in a shop on level 4 of the Orcish Mines)

   It has been specially enchanted to freeze those struck by it, causing extra
   injury to most foes and up to double damage against particularly susceptible
   opponents.
   It can also slow down cold-blooded creatures.
   It greatly protects you from cold.
 b - a +0 great sword
 t - a +0 blowgun
 D - a +1 dagger of electrocution
 Q - a +1 dagger of speed
 W - a +0 quarterstaff
Missiles
 d - a throwing net (quivered)
 e - 22 poisoned needles
 y - 18 poisoned sling bullets
 A - 5 needles of sleeping
 O - a curare-tipped needle
Armour
 I - a +2 buckler (worn)
Magical devices
 i - a wand of slowing (11)
 l - a wand of paralysis (8)
 K - a wand of disintegration (2)
 V - a wand of teleportation (4)
 Z - a wand of confusion (15)
Comestibles
 g - 6 bread rations
 G - a meat ration
Scrolls
 f - 3 scrolls of identify
 j - a scroll of brand weapon
 k - a scroll of teleportation
 m - a scroll of enchant armour
 q - 3 scrolls of fog
 B - 2 scrolls of fear
 E - 5 scrolls of remove curse
 R - a scroll of blinking
 S - a scroll of magic mapping
Jewellery
 c - a +4 ring of evasion (left branch)
 h - a ring of protection from magic (melded)
 o - a ring of protection from magic (melded)
 s - a ring of fire (right branch)
 w - an uncursed ring of wizardry
 z - an uncursed ring of magical power
 F - the ring of the Villain (melded) {Dex+2 Int+3 SInv}
   (You found it on level 5 of the Lair of Beasts)

   [ring of intelligence]

   It affects your intelligence (+3).
   It affects your dexterity (+2).
   It enhances your eyesight.
 H - the ring "Rograihu" (melded) {+Blink rElec rN+ Str-1 Dex+3}
   (You found it on level 6 of the Dungeon)

   [ring of dexterity]

   It affects your strength (-1).
   It affects your dexterity (+3).
   It insulates you from electricity.
   It protects you from negative energy.
   It lets you blink.
 J - an amulet of resist mutation (around neck)
 P - a ring of poison resistance (melded)
 T - an uncursed ring of flight
 X - a ring of stealth (melded)
Potions
 n - 5 potions of restore abilities
 p - a potion of resistance
 r - a potion of magic
 C - 6 potions of brilliance
 L - 2 potions of flight
 N - a potion of cancellation
 U - a potion of porridge
Miscellaneous
 x - a sack of spiders {used: 6}
 M - a sack of spiders {used: 6}


   Skills:
 - Level 12.6 Fighting
 - Level 12.6 Short Blades
 - Level 2.0 Throwing
 - Level 12.4 Dodging
 - Level 19.0 Stealth
 - Level 5.0 Shields
 * Level 5.5 Hexes


You had 8 spell levels left.
You knew the following spells:

 Your Spells              Type           Power        Failure   Level  Hunger
a - Invisibility          Hex            ###.....     100%        6    #######


Dungeon Overview and Level Annotations

Branches:
Dungeon (12/15)            Temple (1/1) D:7             Orc (4/4) D:10
    Elf (1/3) Orc:4          Lair (8/8) D:11         Shoals (0/5) Lair:3
 Spider (0/5) Lair:6        Slime (0/6) Lair:8

Altars:
Cheibriados
Dithmenos
Elyvilon
Fedhas
Gozag
Makhleb
Okawaru
Trog
Vehumet
Xom
Yredelemnul
Zin
The Shining One
Beogh
Jiyva

Shops:
D:4 :   D:9 !   Orc:4 *([   Elf:1 *(

Annotations:
D:4 Grinder
D:6 Ratboiler's ghost, experienced OpTm; Sigmund
D:9 Pikel
Lair:3 Zero's ghost, powerful OgBe


Innate Abilities, Weirdness & Mutations

You cannot wear most types of armour.
You are amphibious.
((You can wear up to eight rings at the same time.))
((You can use your tentacles to constrict many enemies at once.))
((Your skin changes colour to match your surroundings (Stealth).))
((Your rubbery body absorbs attacks (AC +1).))
((One of your tentacles bears a spike.))


Message History

The jumping spider completely misses you.
The deep elf conjurer closely misses you.
The orange rat completely misses you. The tarantella bites you!
* * * LOW HITPOINT WARNING * * *
You are more confused.
The redback completely misses you.
You are very lightly contaminated with residual magic.
Drink which item? (? for menu, Esc to quit)
You turn into an animated tree.
The ring "Rograihu" {+Blink rElec rN+ Str-1 Dex+3} melds into your body.
Your ring of protection from magic melds into your body. x2
Your ring of poison resistance melds into your body.
The ring of the Villain {Dex+2 Int+3 SInv} melds into your body.
Your ring of stealth melds into your body.
You feel clumsy.
You feel stupid.
Your roots penetrate the ground.
The jumping spider pounces on you but does no damage.
The jumping spider bites you but does no damage.
The tarantella bites you.
You die...

......?..+.........# #......
.........#.........###### #.))..)
.........##......)##....####.....
........####....))#..e...########
.......'##########.)......# #
#.....##'...## #........... ##
#'######.....###s.......... ##.
#.# #....)'.ses......... #.. #.#
#.....###♣s§....... ##. #.#
##'...## #.r........ ###' #.#
##.##### ##......).. ##...
#'####.## .###....... #....
....#'## .. .'#..... #..###
.....## .. ... ##'# ##.##..
......####........ ##.# #......
.#.#..'..'........ #.# ##..#..)
..∩...####......... #'## #..##.8.


You could see a deep elf summoner, a deep elf conjurer, a jumping spider, 2
tarantellas, a redback and an orange rat.

Vanquished Creatures
  Josephine (Orc:4)
  A hydra (Lair:7)
  Nessos (Orc:3)
  6 death yaks
  A deep troll shaman (Lair:8)
  4 orc high priests
  A catoblepas (Lair:8)
  5 deep elf knights (Elf:1)
  Erolcha (Orc:4)
  A deep elf summoner (Elf:1)
  A lindwurm (Lair:8)
  A hill giant (D:10)
  5 deep elf conjurers (Elf:1)
  An ugly thing (D:7)
  5 orc sorcerers
  A griffon (Lair:8)
  7 orc knights
  2 cyclopes
  8 elephants
  A manticore (D:12)
  5 black mambas
  Maurice (Orc:2)
  Joseph (Orc:1)
  9 spiny frogs
  A feature mimic (Orc:4)
  Psyche (D:8)
  4 komodo dragons
  3 fire drakes
  6 trolls
  3 deep elf priests (Elf:1)
  2 polar bears (Lair:8)
  A catoblepas zombie (D:10)
  A fire vortex (Lair:2)
  21 blink frogs
  A catoblepas skeleton (D:12)
  A basilisk (Lair:2)
  A shadow (D:11)
  2 fire bats (Lair:2)
  6 vampire mosquitoes
  Eustachio (D:10)
  13 deep elf magi
  8 fire elementals (Volcano)
  14 deep elf fighters (Elf:1)
  2 hungry ghosts
  33 yaks
  A human (D:7)
  A soldier ant (shapeshifter) (Elf:1)
  8 hippogriffs
  3 wargs
  22 wolves
  9 porcupines
  A wandering mushroom (Lair:7)
  13 water moccasins
  2 sky beasts
  A tengu skeleton (D:11)
  3 ice beasts
  30 orc warriors
  A necrophage (D:7)
  4 phantoms
  2 black bears
  13 ogres
  A manticore zombie (D:8)
  2 boring beetles
  13 crocodiles
  12 giant frogs
  4 centaurs
  A big kobold (D:12)
  4 scorpions
  An eye of draining (D:10)
  3 jellies
  16 killer bees
  5 wights (D:7)
  5 goliath beetles
  3 electric eels (D:11)
  A giant frog zombie (D:11)
  6 hounds
  2 centaur skeletons
  7 crimson imps
  A gnoll shaman (D:10)
  A lava snake (Lair:2)
  24 orc priests
  A kobold skeleton (D:12)
  36 orc wizards
  2 orange rats (Lair:7)
  9 worker ants
  13 iguanas
  4 sheep
  9 ogre zombies
  28 adders
  10 gnolls
  44 green rats
  An inept feature mimic (D:9)
  4 shadow imps
  2 giant mites (Lair:6)
  3 worms
  5 orc skeletons
  2 giant geckos
  2 oozes (D:1)
  198 orcs
  2 ball pythons
  17 bats
  7 giant cockroaches
  21 goblins
  26 hobgoblins
  10 jackals
  9 kobolds
  8 quokkas
  A giant gecko skeleton (D:6)
  7 giant newts
  2 giant spores
  A goblin skeleton (D:10)
  3 goblin zombies (D:10)
  2 hobgoblin skeletons (D:10)
  2 orc simulacra (Orc:4)
  21 orc zombies
  10 rats
943 creatures vanquished.

Vanquished Creatures (collateral kills)
  Maud (Lair:4)
  An elephant (Lair:6)
  A redback (Lair:6)
3 creatures vanquished.

Vanquished Creatures (others)
  A deep elf mage (Elf:1)
  14 spiders
  An orc priest (Orc:4)
  An orange rat (Elf:1)
  3 giant mites
  An adder zombie (D:8)
  An orc (Orc:4)
  15 fungi
  5 plants
42 creatures vanquished.

Grand Total: 988 creatures vanquished

Notes
Turn   | Place    | Note
--------------------------------------------------------------
     0 | D:1      | Ratboiler, the Octopode Assassin, began the quest for the Orb.
     0 | D:1      | Reached XP level 1. HP: 14/14 MP: 1/1
    66 | D:1      | Reached XP level 2. HP: 17/19 MP: 2/2
   130 | D:1      | Reached XP level 3. HP: 24/24 MP: 3/3
   135 | D:1      | Reached skill level 6 in Stealth
   997 | D:2      | Found a white marble altar of Elyvilon.
  1001 | D:2      | Reached XP level 4. HP: 29/29 MP: 4/4
  1202 | D:2      | Found a glowing silver altar of Zin.
  1664 | D:3      | Reached XP level 5. HP: 34/34 MP: 5/5
  2222 | D:3      | Reached skill level 7 in Stealth
  2340 | D:3      | Found a basalt altar of Yredelemnul.
  2341 | D:3      | Noticed an ogre
  2366 | D:3      | Killed an ogre
  2366 | D:3      | Reached XP level 6. HP: 39/39 MP: 6/6
  2698 | D:4      | Noticed Grinder
  2803 | D:4      | Reached skill level 5 in Short Blades
  2803 | D:4      | Reached skill level 8 in Stealth
  3063 | D:4      | Found Reegerch's Book Shoppe.
  3575 | D:5      | Entered Level 5 of the Dungeon
  3594 | D:5      | Reached skill level 9 in Stealth
  3594 | D:5      | Reached XP level 7. HP: 45/45 MP: 7/7
  3623 | D:5      | Found a shimmering altar of Xom.
  4285 | D:6      | Got a faintly glowing steel ring
  4297 | D:6      | Identified the ring "Rograihu" {+Blink rElec rN+ Str-1 Dex+3} (You found it on level 6 of the Dungeon)
  4671 | D:6      | Noticed Ratboiler's ghost (experienced OpTm)
  4685 | D:6      | Found a radiant altar of Vehumet.
  4688 | D:6      | Found a blossoming altar of Fedhas.
  4731 | D:6      | Reached skill level 10 in Stealth
  5056 | D:6      | Reached XP level 8. HP: 50/50 MP: 8/8
  5141 | D:6      | Noticed Sigmund
  5176 | D:7      | Noticed a cyan ugly thing
  5299 | D:7      | Found a staircase to the Ecumenical Temple.
  5309 | Temple   | Entered the Ecumenical Temple
  5313 | Temple   | Became a worshipper of Dithmenos the Shadowed
  6136 | D:6      | Reached skill level 11 in Stealth
  6988 | D:6      | Reached XP level 9. HP: 32/54 MP: 9/9
  7130 | D:7      | Reached skill level 12 in Stealth
  7736 | D:7      | Killed a cyan ugly thing
  8964 | D:8      | Reached skill level 13 in Stealth
  9208 | D:8      | Found an opulent altar of Gozag.
  9289 | D:8      | Reached XP level 10. HP: 60/65 MP: 10/10
  9607 | D:8      | Noticed Psyche
  9615 | D:8      | Killed Psyche
  9875 | D:8      | Reached skill level 5 in Fighting
 10500 | D:8      | HP: 3/66 [poisoned by a killer bee]
 10506 | D:8      | HP: 3/66 [poisoned by a killer bee]
 10513 | D:8      | HP: 3/66 [poisoned by a killer bee]
 10518 | D:8      | HP: 3/66 [poisoned by a killer bee]
 11347 | D:8      | Reached skill level 5 in Dodging
 11950 | D:9      | Found a snail-covered altar of Cheibriados.
 12444 | D:9      | Found an opulent altar of Gozag.
 13160 | D:9      | Gained mutation: One of your tentacles bears a spike. [potion of beneficial mutation]
 13208 | D:9      | Reached skill level 14 in Stealth
 13298 | D:9      | Found Reapel's Distillery.
 13304 | D:9      | Bought a potion of agility for 35 gold pieces
 13304 | D:9      | Bought a potion of brilliance for 35 gold pieces
 13364 | D:9      | Noticed Pikel
 13686 | D:10     | Entered Level 10 of the Dungeon
 13697 | D:10     | Acquired Dithmenos' first power
 13714 | D:10     | Noticed a hill giant
 13725 | D:10     | Killed a hill giant
 13725 | D:10     | Reached skill level 10 in Short Blades
 13725 | D:10     | Reached XP level 11. HP: 71/73 MP: 11/11
 14149 | D:10     | Found a staircase to the Orcish Mines.
 14564 | D:10     | Noticed Eustachio
 14573 | D:10     | Killed Eustachio
 15200 | D:11     | Found a burning altar of Makhleb.
 15319 | D:11     | Acquired Dithmenos' second power
 15945 | D:11     | Found a staircase to the Lair.
 16250 | D:11     | Reached skill level 15 in Stealth
 16654 | Lair:1   | Entered Level 1 of the Lair of Beasts
 18269 | Lair:2   | Reached XP level 12. HP: 78/82 MP: 12/12
 20420 | Lair:3   | Noticed Zero's ghost (powerful OgBe)
 20421 | Lair:3   | Reached skill level 16 in Stealth
 20495 | Lair:3   | Found a staircase to the Shoals.
 20912 | Lair:4   | Found a dark tunnel.
 21003 | Volcano  | Entered a volcano
 23027 | Lair:4   | Noticed an eight-headed hydra
 23058 | Lair:4   | Noticed Maud
 23090 | Lair:4   | Killed Maud
 23620 | Lair:5   | Got a transparent lead ring
 23635 | Lair:5   | Identified the ring of the Villain {Dex+2 Int+3 SInv} (You found it on level 5 of the Lair of Beasts)
 24252 | Lair:6   | Reached XP level 13. HP: 71/91 MP: 13/13
 24689 | Lair:6   | Found a hole to the Spider Nest.
 25969 | Lair:6   | Reached skill level 10 in Fighting
 26601 | Lair:7   | Acquired Dithmenos' third power
 26654 | Lair:7   | Reached skill level 17 in Stealth
 27230 | Lair:7   | Reached skill level 10 in Dodging
 29185 | Lair:8   | Entered Level 8 of the Lair of Beasts
 30935 | Lair:8   | Reached skill level 18 in Stealth
 30938 | Lair:8   | Reached XP level 14. HP: 101/101 MP: 14/14
 31185 | Lair:8   | Got a dazzling hand axe
 31186 | Lair:8   | Identified the +3 hand axe of Sivozil {chop, -Cast Dex+2} (You found it on level 8 of the Lair of Beasts)
 31291 | Lair:8   | Acquired Dithmenos' fourth power
 31459 | Lair:8   | Found a viscous altar of Jiyva.
 31460 | Lair:8   | Found a staircase to the Slime Pits.
 33763 | Orc:1    | Entered Level 1 of the Orcish Mines
 34039 | Orc:1    | Found a shimmering altar of Xom.
 34363 | Orc:1    | Found a roughly hewn altar of Beogh.
 34430 | Orc:1    | Noticed Joseph
 34442 | Orc:1    | Killed Joseph
 34631 | Orc:2    | Noticed Maurice
 34635 | Orc:2    | Killed Maurice
 35197 | Orc:3    | Reached skill level 19 in Stealth
 35363 | Orc:3    | Noticed Nessos
 35405 | Orc:3    | Killed Nessos
 36382 | Orc:4    | Entered Level 4 of the Orcish Mines
 39190 | Orc:4    | Found Osaum's Antique Weapon Emporium.
 39190 | Orc:4    | Found Vichitam's Assorted Antiques.
 39207 | Orc:4    | Found Buekh's Antique Weapon Boutique.
 39209 | Orc:4    | Found Ysamituso's Antique Armour Emporium.
 39222 | Orc:4    | Osaum's Antique Weapon Emporium was a mimic.
 39233 | Orc:4    | Bought a buckler for 108 gold pieces
 39243 | Orc:4    | Bought a crystal hunting sling for 188 gold pieces
 39243 | Orc:4    | Bought a dazzling dagger for 203 gold pieces
 39243 | Orc:4    | Bought a scroll of magic mapping for 101 gold pieces
 39243 | Orc:4    | Bought a quarterstaff for 116 gold pieces
 39246 | Orc:4    | Bought a silver wand for 116 gold pieces
 39249 | Orc:4    | Identified the +1 dagger of Hard Scrabble {freeze, rC++} (You bought it in a shop on level 4 of the Orcish Mines)
 39250 | Orc:4    | Identified the +5 hunting sling "Embalmer" {flame, rN+ Str+3} (You bought it in a shop on level 4 of the Orcish Mines)
 39342 | Orc:4    | Found a staircase to the Elven Halls.
 39378 | Orc:4    | Noticed Erolcha
 39417 | Orc:4    | Killed Erolcha
 39417 | Orc:4    | Reached skill level 1 in Shields
 40038 | Orc:4    | Noticed Josephine
 40043 | Orc:4    | Killed Josephine
 40217 | Elf:1    | Entered Level 1 of the Elven Halls
 40225 | Elf:1    | Reached XP level 15. HP: 109/109 MP: 15/15
 40431 | Lair:1   | Learned a level 6 spell: Invisibility
 40652 | Elf:1    | Reached skill level 1 in Hexes
 41036 | Elf:1    | Reached skill level 5 in Shields
 41129 | Elf:1    | Found Nyfaef's General Store.
 41136 | Elf:1    | Bought a potion of might for 35 gold pieces
 41136 | Elf:1    | Bought an uncursed ring of wizardry for 420 gold pieces
 41367 | Elf:1    | Found Plog's Weapon Emporium.
 41392 | Elf:1    | Bought 5 needles of sleeping for 30 gold pieces
 41930 | Elf:1    | Reached skill level 5 in Hexes
 42005 | Elf:1    | HP: 2/109 [tarantella[a deep elf summoner] (14)]
 42006 | Elf:1    | Slain by a tarantella

Action                   |  1- 3 |  4- 6 |  7- 9 | 10-12 | 13-15 || total
-------------------------+-------+-------+-------+-------+-------++-------
Melee: Dagger            |    43 |    86 |   104 |  1103 |  1349 ||  2685
       Short sword       |       |       |    38 |     4 |       ||    42
       Long sword        |       |       |    80 |    56 |    28 ||   164
       Falchion          |       |       |     3 |       |       ||     3
       Great sword       |       |       |       |       |   322 ||   322
 Fire: Blowgun           |       |    24 |    53 |     6 |   114 ||   197
       Hunting sling     |       |       |     6 |       |       ||     6
Throw: Throwing net      |       |       |       |       |     3 ||     3
Evoke: Wand              |       |     1 |     1 |    12 |    15 ||    29
       Sack of spiders   |       |       |       |     2 |    11 ||    13
  Use: Scroll            |       |       |    14 |    12 |    12 ||    38
       Potion            |       |       |     1 |     6 |    14 ||    21
 Stab: Sleeping          |    10 |    18 |    20 |    82 |   161 ||   291
       Distracted        |       |       |     6 |    12 |    34 ||    52
       Paralysed         |       |       |       |    11 |       ||    11
       Petrifying        |       |       |       |     3 |       ||     3
       Confused          |       |       |       |     2 |       ||     2
       Held in net/web   |       |       |       |       |     1 ||     1
  Eat: Chunk             |       |     8 |     6 |     9 |    17 ||    40
       Royal jelly       |       |       |     2 |       |     1 ||     3
       Pizza             |       |       |     2 |     7 |     3 ||    12
       Meat ration       |       |       |     1 |     3 |     2 ||     6
       Beef jerky        |       |       |       |     3 |     2 ||     5
       Bread ration      |       |       |       |     2 |     4 ||     6
       Fruit             |       |       |       |       |     3 ||     3
